 Dungeon Crawl Stone Soup version 0.17.1-1-g73c8601 (webtiles) character file.

11176 tap556 the Cleaver (level 11, -16/100 HPs)
             Began as a Minotaur Berserker on Mar 21, 2016.
             Was a High Priest of Trog.
             Demolished by a polar bear (18 damage)
             ... in an ice cave on Mar 25, 2016.
             The game lasted 00:34:44 (11836 turns).

tap556 the Cleaver (Minotaur Berserker)            Turns: 11836, Time: 00:34:44

Health: -16/100    AC: 19    Str: 25    XL:     11   Next: 45%
Magic:  3/3        EV: 10    Int:  4    God:    Trog [*****.]
Gold:   546        SH:  0    Dex: 12    Spells: 0 memorised, 10 levels left

rFire  . . .     SeeInvis .     P - +2 battleaxe (antimagic)
rCold  . . .     Clarity  .     C - +0 plate armour
rNeg   . . .     SustAt   .     (shield currently unavailable)
rPois  .         Gourm    .     (helmet unavailable)
rElec  .         Spirit   .     p - +0 cloak
rCorr  .         Warding  .     L - +1 pair of gloves
rMut   .         Stasis   .     S - +0 pair of boots
MR     .....                    (no amulet)
Stlth  ..........               (no ring)
                                (no ring)

@: not resistant to hostile enchantments, extremely unstealthy
A: retaliatory headbutt, horns 3, strong 1
a: Berserk, Trog's Hand, Brothers in Arms, Burn Spellbooks, Renounce Religion


You were in an ice cave.
You worshipped Trog.
Trog was extremely pleased with you.
You were not hungry.

You visited 2 branches of the dungeon, and saw 12 of its levels.
You also visited: Ice Cave.

You collected 546 gold pieces.

Inventory:

Hand Weapons
 k - a +0 short sword of freezing
 t - a +0 war axe
 y - a +0 hand axe of freezing
 H - a +2 whip of flaming
 N - a +2 flail of protection
 P - a +2 antimagic battleaxe (weapon)
Missiles
 o - 9 tomahawks
 K - a javelin (quivered)
Armour
 p - a +0 cloak (worn)
 C - a +0 plate armour (worn)
 L - a +1 pair of gloves (worn)
 S - a +0 pair of boots (worn)
Wands
 u - a wand of cold (5)
 x - a wand of teleportation (4)
 E - a wand of fire (8)
 G - a wand of disintegration (12)
 J - a wand of polymorph (6)
 R - a wand of slowing (32)
 T - a wand of frost (21)
 W - a wand of fire (7)
Scrolls
 d - 5 scrolls of remove curse
 e - 2 scrolls of enchant armour {unknown}
 g - 2 scrolls of random uselessness {unknown}
 h - 3 scrolls of fear
 i - a scroll of holy word {unknown}
 j - 3 scrolls of teleportation
 l - a scroll of enchant weapon {unknown}
 r - 3 scrolls of magic mapping {unknown}
 s - a scroll of amnesia {unknown}
 w - 4 scrolls of blinking
 A - 2 scrolls of fog {unknown}
 D - a scroll of immolation {unknown}
 F - a scroll of noise {unknown}
Potions
 a - a potion of mutation {unknown}
 b - 6 potions of curing
 m - a potion of haste {unknown}
 n - 3 potions of agility
 q - 2 potions of brilliance {unknown}
 z - a potion of degeneration {unknown}
 I - 2 potions of cure mutation {unknown}
 M - 6 potions of flight {unknown}
 Q - a potion of invisibility {unknown}
 U - 2 potions of poison {unknown}
 V - a potion of ambrosia {unknown}
 X - 3 potions of might
Miscellaneous
 O - a fan of gales
Comestibles
 c - 11 bread rations
 f - 4 meat rations
 v - 3 fruits
 B - 3 chunks of flesh


   Skills:
 - Level 10.2 Fighting
 + Level 14.1 Axes
 - Level 5.9 Throwing
 - Level 9.0 Armour
 - Level 7.2 Dodging


You had 10 spell levels left.
You didn't know any spells.

Dungeon Overview and Level Annotations

Branches:
Dungeon (11/15)            Temple (1/1) D:5            Lair (0/8) D:10
    Orc: D:9-12

Altars:
Ashenzari
Cheibriados
Dithmenos
Elyvilon
Fedhas
Gozag
Kikubaaqudgha
Makhleb
Nemelex Xobeh
Okawaru
Qazlal
Ru
Sif Muna
Trog
Vehumet
Xom
Yredelemnul
Zin
The Shining One


Innate Abilities, Weirdness & Mutations

You reflexively headbutt those who attack you in melee.
You have a pair of large horns on your head.
Your muscles are strong. (Str +2)


Message History

The polar bear claws you but does no damage. x2
You completely miss the polar bear.
The polar bear is almost dead.
The polar bear bites you.
The polar bear claws you but does no damage.
The polar bear barely misses you.
You completely miss the polar bear.
The polar bear is almost dead.
The polar bear bites you!!
* * * LOW HITPOINT WARNING * * *
The polar bear claws you but does no damage.
The polar bear misses you. The polar bear bites you!
* * * LOW HITPOINT WARNING * * *
The polar bear claws you but does no damage.
The polar bear closely misses you.
You slash the polar bear!
You headbutt the polar bear, but do no damage.
The polar bear is almost dead.
The polar bear bites you!!
You die...

## #. #.. ##..
#### #..# ##..##
#..# ##....#
##h.# ##.....##
#.@# ##.......#
##.# #........##
#..#
##........###.##
###...#.....##..#
#......##......##
.......##.....##
.##....###...##
####......#..#


You could see a polar bear (berserk).

Vanquished Creatures
  Josephine (D:11)
  Harold (D:10)
  Pikel (D:9)
  An ice statue (IceCv)
  A troll (D:9)
  A merfolk (D:10)
  6 polar bears (IceCv)
  5 wraiths (D:11)
  7 yaks (IceCv)
  2 hippogriffs
  A water moccasin (D:10)
  5 orc warriors
  5 wolves (IceCv)
  2 black bears
  A phantom (D:9)
  6 sky beasts
  A necrophage (D:9)
  An ice beast (D:10)
  A slave (D:9)
  6 ogres
  A wasp (D:9)
  5 centaurs
  A big kobold (D:10)
  2 giant frogs
  A water moccasin skeleton (D:8)
  5 scorpions
  4 wights (D:6)
  A wyvern skeleton (D:7)
  3 killer bees (D:10)
  A giant frog zombie (D:5)
  2 jellies
  2 giant frog skeletons
  A centaur skeleton (D:9)
  2 crimson imps
  4 iguanas
  2 orc priests
  4 hounds
  9 worker ants
  Natasha (thrice) (D:3)
  7 orc wizards
  A killer bee zombie (D:5)
  A hound zombie (D:6)
  A hound skeleton (D:6)
  A worker ant zombie (D:6)
  7 gnolls
  17 adders
  A shadow imp (D:7)
  11 white imps (D:11)
  An ooze (D:2)
  2 adder zombies (D:5)
  A worm (D:2)
  8 giant geckos
  37 orcs
  3 ball pythons
  6 bats
  5 hobgoblins
  12 jackals
  4 quokkas
  12 giant cockroaches
  2 giant gecko skeletons
  4 giant newts
  5 goblins
  12 kobolds
  A quokka skeleton (D:5)
  7 rats
277 creatures vanquished.

Vanquished Creatures (others)
  A shadow imp (D:9)
1 creature vanquished.

Grand Total: 278 creatures vanquished

Notes
Turn   | Place    | Note
--------------------------------------------------------------
     0 | D:1      | tap556 the Minotaur Berserker began the quest for the Orb.
     0 | D:1      | Reached XP level 1. HP: 19/19 MP: 0/0
   166 | D:1      | Reached skill level 4 in Axes
   222 | D:1      | Reached XP level 2. HP: 23/26 MP: 1/1
   871 | D:1      | Reached skill level 5 in Axes
   881 | D:1      | Reached ** piety under Trog
  1008 | D:2      | Reached XP level 3. HP: 25/31 MP: 2/2
  1690 | D:2      | Reached skill level 6 in Axes
  1690 | D:2      | Reached XP level 4. HP: 25/39 MP: 3/3
  2406 | D:3      | Noticed Natasha
  2415 | D:3      | Killed Natasha
  2565 | D:3      | Reached skill level 7 in Axes
  2565 | D:3      | Reached XP level 5. HP: 38/45 MP: 4/4
  2708 | D:3      | Noticed Natasha
  2720 | D:3      | Killed Natasha
  2889 | D:3      | Noticed Natasha
  2893 | D:3      | Killed Natasha
  2893 | D:3      | Reached *** piety under Trog
  3742 | D:4      | Reached skill level 8 in Axes
  3878 | D:4      | Noticed a sky beast
  3932 | D:4      | Found a snail-covered altar of Cheibriados.
  3939 | D:4      | Reached XP level 6. HP: 46/51 MP: 5/5
  3996 | D:4      | Killed a sky beast
  4022 | D:4      | Reached skill level 9 in Axes
  4157 | D:4      | Reached XP level 7. HP: 36/57 MP: 6/6
  4223 | D:4      | Reached **** piety under Trog
  4477 | D:4      | Reached skill level 10 in Axes
  4641 | D:5      | Entered Level 5 of the Dungeon
  4663 | D:5      | Found an ancient bone altar of Kikubaaqudgha.
  4702 | D:5      | Found a staircase to the Ecumenical Temple.
  4708 | Temple   | Entered the Ecumenical Temple
  4830 | D:5      | Gained mutation: You have a pair of large horns on your head. [potion of beneficial mutation]
  4831 | D:5      | Gained mutation: Your muscles are strong. (Str +2) [potion of beneficial mutation]
  5482 | D:5      | Reached skill level 11 in Axes
  5654 | D:5      | Reached XP level 8. HP: 55/64 MP: 7/7
  5828 | D:6      | Reached skill level 12 in Axes
  6154 | D:6      | Reached skill level 5 in Fighting
  6943 | D:6      | Reached XP level 9. HP: 81/81 MP: 8/8
  7272 | D:7      | Reached ***** piety under Trog
  7843 | D:7      | Reached skill level 10 in Fighting
  8166 | D:8      | Found a snail-covered altar of Cheibriados.
  8190 | D:8      | Reached skill level 5 in Armour
  8203 | D:8      | Found a sparkling altar of Nemelex Xobeh.
  8238 | D:8      | Found a deep blue altar of Sif Muna.
  8238 | D:8      | Found a burning altar of Makhleb.
  9146 | D:9      | Noticed Pikel
  9154 | D:9      | Killed Pikel
  9154 | D:9      | Reached XP level 10. HP: 73/93 MP: 9/9
  9235 | D:9      | Found a radiant altar of Vehumet.
  9235 | D:9      | Found a shadowy altar of Dithmenos.
  9399 | D:9      | Found a shimmering altar of Xom.
  9905 | D:10     | Entered Level 10 of the Dungeon
  9905 | D:10     | Noticed Harold
  9934 | D:10     | Killed Harold
 10050 | D:10     | Found a staircase to the Lair.
 10094 | D:10     | Got an encrusted scale mail
 10105 | D:10     | Identified the +6 scale mail "Omoshra" {*Corrode Int+3} (You found it on level 10 of the Dungeon)
 10606 | D:10     | Found a white marble altar of Elyvilon.
 10687 | D:10     | Reached skill level 1 in Throwing
 10932 | D:10     | Received a gift from Trog
 11009 | D:11     | Noticed Josephine
 11024 | D:11     | Killed Josephine
 11024 | D:11     | Reached skill level 5 in Throwing
 11032 | D:11     | Reached XP level 11. HP: 100/100 MP: 3/10
 11296 | D:11     | Found a frozen archway.
 11310 | IceCv    | Entered an ice cave
 11342 | IceCv    | Reached skill level 13 in Axes
 11823 | IceCv    | Reached skill level 14 in Axes
 11835 | IceCv    | HP: 2/100 [polar bear (14)]
 11836 | IceCv    | Demolished by a polar bear

Action                   |  1- 3 |  4- 6 |  7- 9 | 10-12 || total
-------------------------+-------+-------+-------+-------++-------
Melee: Hand axe          |   100 |   149 |   364 |   135 ||   748
       War axe           |       |       |     3 |       ||     3
       Battleaxe         |       |       |       |    92 ||    92
Throw: Javelin           |       |     6 |    30 |    12 ||    48
       Tomahawk          |       |       |     8 |    17 ||    25
Invok: Berserk           |       |     2 |     1 |     2 ||     5
       Burn Spellbooks   |       |       |     1 |     1 ||     2
       Trog's Hand       |       |       |     1 |     1 ||     2
Evoke: Wand              |       |       |     2 |     3 ||     5
  Use: Scroll            |       |       |     8 |       ||     8
       Potion            |       |       |     2 |       ||     2
  Eat: Chunk             |     2 |     8 |    11 |     5 ||    26
       Pizza             |       |     2 |     1 |     1 ||     4
       Beef jerky        |       |       |     2 |     2 ||     4
       Royal jelly       |       |       |     1 |       ||     1
